 Dungeon Crawl Stone Soup version 0.27-a0-1220-g54dba09ff7 (webtiles) character file.

Game seed: 7479213558308405557

32 Bnni the Bolt Thrower (level 3, -1/22 HPs)
             Began as a Kobold Hunter on June 7, 2021.
             Killed from afar by Natasha (5 damage)
             ... with a magic dart
             ... on level 2 of the Dungeon.
             The game lasted 00:02:43 (1364 turns).

Bnni the Bolt Thrower (Kobold Hunter)               Turns: 1364, Time: 00:02:44

Health: -1/22      AC:  5    Str:  9    XL:     3   Next: 45%
Magic:  3/3        EV: 14    Int: 12    God:
Gold:   46         SH:  0    Dex: 16    Spells: 2/2 levels left

rFire    . . .     SeeInvis .   a - +1 hand crossbow
rCold    . . .     Faith    .   (shield restricted)
rNeg     . . .     Spirit   .   i - +2 leather armour {rPois}
rPois    +         Reflect  .   (no helmet)
rElec    .         Harm     .   (no cloak)
rCorr    .         Rampage  .   (no gloves)
Will     .....                  (no boots)
Stlth    +++.......             (no amulet)
HPRegen  0.07/turn              (no ring)
MPRegen  0.08/turn              (no ring)

@: slowed, very slow
A: small, no large weapons, nightstalker 3
a: no special abilities


You were on level 2 of the Dungeon.
You visited 1 branch of the dungeon, and saw 2 of its levels.

You collected 46 gold pieces.

Inventory:

Hand Weapons
 a - a +1 hand crossbow (weapon)
 c - a +0 dagger
Missiles
 d - 14 bolts (quivered ammo)
Armour
 i - a +2 leather armour of poison resistance (worn)
Scrolls
 e - 3 scrolls of identify {unknown}
 g - a scroll of blinking {unknown}
 h - a scroll of acquirement {unknown}
Potions
 b - 3 potions of curing {unknown}
 f - 3 potions of lignification {unknown}


   Skills:
 + Level 2.9 Fighting
 * Level 5.7 Crossbows
 - Level 2.4 Dodging
 - Level 1.3 Stealth


You had 2 spell levels left.
You didn't know any spells.
Your spell library was empty.

Dungeon Overview and Level Annotations

Branches:
Dungeon (2/15)

Altars:

Annotations:
D:2 Natasha


Innate Abilities, Weirdness & Mutations

You are small and have problems with some larger weapons.
You are completely attuned to the shadows.


Message History

You closely miss Natasha.
Natasha is moderately wounded.
Natasha barely misses you. The iron imp barely misses you.
a - a +1 hand crossbow (weapon)
Natasha closely misses you.
Fire: 20 bolts
Press: ? - help, Q - select action Shift-Dir - straight line, f - Natasha
Aim: Natasha (moderately wounded, 61% to hit)
You shoot a bolt. The bolt barely misses Natasha.
The iron imp barely misses you. Natasha claws you but does no damage.
Natasha barely misses you. The iron imp hits you.
You shoot a bolt. The bolt closely misses Natasha.
Natasha barely misses you. The iron imp misses you.
Unknown command.
You shoot a bolt. The bolt hits Natasha.
Natasha is heavily wounded.
Natasha completely misses you. The iron imp closely misses you.
Natasha barely misses you.
You shoot a bolt. The bolt hits Natasha.
Natasha is almost dead.
Natasha stares at you and mumbles some strange words.
The magic dart hits you. The iron imp completely misses you.
Natasha stares at you and mumbles some strange words.
You feel as though you will be slow longer.
The iron imp misses you.
You shoot a bolt. The bolt barely misses Natasha.
Natasha mumbles some strange words.
Natasha glows brightly for a moment.
Natasha casts a spell.
The iron imp closely misses you. Natasha claws you. The iron imp hits you.
* * * LOW HITPOINT WARNING * * *
Unknown command.
You are too injured to fight recklessly!
Fire: 15 bolts
Press: ? - help, Q - select action Shift-Dir - straight line, f/p - Natasha
Aim: Natasha (almost dead, 61% to hit)
You shoot a bolt. The bolt closely misses Natasha.
Natasha casts a spell at you. The magic dart hits you.
You die...

##.# #.
.(#.# #.#.
#...#...#
##h#5#.#.
#.#@..#...
#..#.#.#.#
#.#.##.#.#
#......#.#
###......#
####.###
#.# ####
#.# ...#
#.#


You could see an iron imp (summoned) and Natasha.

Vanquished Creatures
  An adder (D:2)
  A dart slug (D:1)
  3 ball pythons (D:1)
  A bat (D:2)
  An endoplasm (D:1)
  2 giant cockroaches (D:1)
  3 goblins
  3 hobgoblins (D:1)
  A frilled lizard (D:1)
  A kobold (D:1)
  2 rats
19 creatures vanquished.

Vanquished Creatures (others)
  6 plants (D:2)
6 creatures vanquished.

Grand Total: 25 creatures vanquished

Notes
Turn   | Place    | Note
-------+----------+-------------------------------------------
     0 | D:1      | Bnni the Kobold Hunter began the quest for the Orb.
     0 | D:1      | Reached XP level 1. HP: 12/12 MP: 1/1
    58 | D:1      | Reached skill level 5 in Crossbows
   189 | D:1      | Reached XP level 2. HP: 10/18 MP: 2/2
  1147 | D:2      | Reached XP level 3. HP: 22/22 MP: 3/3
  1348 | D:2      | Noticed Natasha
  1364 | D:2      | Killed from afar by Natasha

Illustrated notes

Levels and vault maps discovered:
D:1:      dpeg_arrival_water_temple_mockup, layout_basic, minivault_24
D:2:      cheibrodos_old_hovel, layout_loops_corners, basic_altar,
          ebering_ecumenical_altar_ruins, minmay_misc_feat_more_columns,
          kennysheep_crisscross, serial_bayou_pond_a, minmay_tiny_reverse_x,
          uniq_natasha

Skill      XL: |  1 |
---------------+----+-----
Crossbows      | 5 |  5.7
Fighting       | |  2.9
Dodging        | |  2.4
Stealth        | |  1.3

Action                   || total
-------------------------++-------
Melee: Short sword       ||    34
       Dagger            ||    56
 Fire: Hand crossbow     ||    14
 Stab: Sleeping          ||     7
Armor: Leather armour    ||    28
Dodge: Dodged            ||   104

Table legend: (Time is in decaauts)
 A = Elapsed time spent in this place.
 B = Non-inter-level travel time spent in this place.
 C = Inter-level travel time spent in this place.
 D = Time resting spent in this place.
 E = Time spent auto-exploring this place.
 F = Levels seen in this place.
 G = Mean time per level.
                   A        B        C        D        E       F      G
               +--------+--------+--------+--------+--------+-----+--------+
         Total |   1372 |   1337 |     35 |    482 |    601 |   2 |  686.0 |
       Dungeon |   1372 |   1337 |     35 |    482 |    601 |   2 |  686.0 |
               +--------+--------+--------+--------+--------+-----+--------+

Top non-repeatable levels by time:
     D:1: 1113 daAuts
     D:2: 258 daAuts
